Unix NetHack Version 5.0.0-0 post-release - last build May 31 2026 23:59:36 (970b52f25bf058293b47ddfd14a1e40e571c508c,branch:main).

Game began 2026-06-07 09:49:48, ended 2026-06-07 10:09:23.

DiePARTEI, neutral male human Tourist

                 -----                                            ----------
                 |...-#                                          #.........|
                 |...|#     -----------           -----------    #|>.......|
                 |...|#     |..........#          |.........|    #|........|
                #....|#0    |.........|#          |.........|    #|......F.|
             ####|....######..........+#######    |>.........#####--------|-
            ##   |...| #    -.-----|---#     #####-.........|             #
            #    ----- #           ##  #          |...(.....|            ##
            #          #            #  #          ---------.-            #
    --------#          ###         ##  #               #####             #
    |......-#            #         ######              #                 #
    |.....+|             ############# #####      ######                 #
    |..+...|               # -------.----|-##   --|-----                 #
    --------               ##-.............#####|......|############## ###
                             |............|###e@o....:.-#           -.-.--
                             |............|#    |._.<..|#####       |....|
                             |............|#    --------#   #####0  |....|
                             --------------##############           |....|
                                                                    ------

DiePARTEI the Sightseer     St:18 Dx:10 Co:17 In:12 Wi:11 Ch:12  Neutral
Dlvl:2  $:824 HP:0(42) Pw:32(32) AC:6  Xp:5 T:4929 

Latest messages:
 You kill the gnome!
 You see here a gnome corpse.
 You have a little trouble lifting a gnome corpse.  Continue? [ynq] (q) y
 You have a little trouble lifting w - a gnome corpse.
 Your movements are slowed slightly because of your load.
 What do you want to sacrifice? [w or ?*] w
 Your sacrifice is consumed in a plume of smoke!
 Your movements are now unencumbered.
 You hit the floating eye.
 You are frozen by the floating eye's gaze!
 The goblin hits!
 The goblin hits!
 The goblin hits!
 The goblin hits!
 The goblin hits!
 The goblin hits!
 The goblin just misses!
 The goblin hits!
 The goblin hits!
 The goblin hits!
 The goblin hits!
 The goblin hits!
 The goblin hits!
 The goblin just misses!
 The goblin hits!
 The goblin hits!
 The goblin hits!
 The goblin hits!
 The goblin hits!
 The goblin just misses!
 The goblin hits!
 The goblin hits!
 The goblin hits!
 The goblin hits!
 The goblin hits!
 The goblin hits!
 The goblin hits!
 The goblin hits!
 The goblin hits!
 The goblin hits!
 The goblin hits!
 The goblin hits!
 The goblin hits!
 The goblin hits!
 The goblin hits!
 The goblin hits!
 The goblin hits!
 You die...
 Do you want your possessions identified? [ynq] (y) y
 Do you want to see your attributes? [ynq] (y) q

Inventory:
 Coins    ('$')
  $ - 824 gold pieces
 Amulets  ('"')
  R - an uncursed amulet of magical breathing (being worn)
 Weapons  (')')
  a - 13 +2 darts (at the ready)
  i - 2 +0 elven daggers
  N - a +0 knife
  U - the rustproof +2 Ogresmasher
  W - the rustproof +2 Trollsbane
  D - a +0 glaive
 Armor    ('[')
  H - an uncursed +0 orcish helm (being worn)
  G - an uncursed +0 cloak of protection (being worn)
  k - an uncursed +0 Hawaiian shirt with a flamingo motif (being worn)
 Comestibles  ('%')
  F - an uncursed apple
  c - 2 uncursed food rations
  g - an uncursed fortune cookie
  d - 2 uncursed tripe rations
 Scrolls  ('?')
  C - an uncursed scroll of enchant weapon
  I - an uncursed scroll of light
  j - 4 uncursed scrolls of magic mapping
  v - an uncursed scroll of teleportation
 Potions  ('!')
  f - a cursed potion of object detection
 Rings    ('=')
  n - an uncursed ring of polymorph control (on left hand)
 Tools    ('(')
  m - an uncursed credit card
  l - an expensive camera (0:47)

DiePARTEI the Tourist's attributes:

Background:
 You were a Sightseer, a level 5 male human Tourist.
 You were neutral, on a mission for The Lady
 who was opposed by Blind Io (lawful) and Offler (chaotic).
 You were right-handed.
 You were in the Dungeons of Doom, on level 2.
 You entered the dungeon 4929 turns ago.
 You had 213 experience points, 107 more were needed to attain level 6.

Basics:
 You had 0 out of 42 hit points.
 You had all 32 energy points (spell power).
 Your armor class was 6.
 Your wallet contained 824 zorkmids.
 Autopickup was off.

Final Characteristics:
 Your strength was 18 (limit:18/100).
 Your dexterity was 10 (limit:18).
 Your constitution was 17 (limit:18).
 Your intelligence was 12 (limit:18).
 Your wisdom was 11 (limit:18).
 Your charisma was 12 (limit:18).

Final Status:
 You weren't hungry.
 You were unencumbered.
 You were bare handed.
 You had basic skill with bare handed combat.

Final Attributes:
 You were piously aligned.
 You were telepathic.
 You could survive without air.
 You were protected.
 You had polymorph control.
 You are dead.

Miscellaneous:
 You didn't encounter any bones levels.
 Total elapsed playing time was 19 minutes and 35 seconds.

Major events:
 Turn
    1: DiePARTEI the neutral male human Tourist entered the dungeon
 2328: attained the rank of Sightseer (level 3)
 2644: was bestowed with Ogresmasher by The Lady
 2920: was bestowed with Trollsbane by The Lady
 4929: killed by a goblin, while frozen by a floating eye's gaze

Spells:
 Name                 Level Category     Fail Retention
 detect monsters        1   divination    46%  76%-100%

Skills:
 Fighting Skills
   bare handed combat [Basic]
   two weapon combat  [Unskilled]
   riding             [Unskilled]
 Weapon Skills
   dagger             [Unskilled]
   knife              [Unskilled]
   axe                [Unskilled]
   pick-axe           [Unskilled]
   short sword        [Unskilled]
   broadsword         [Unskilled]
   long sword         [Unskilled]
   two-handed sword   [Unskilled]
   saber              [Unskilled]
   mace               [Unskilled]
   morning star       [Unskilled]
   flail              [Unskilled]
   hammer             [Unskilled]
   quarterstaff       [Unskilled]
   polearms           [Unskilled]
   spear              [Unskilled]
   trident            [Unskilled]
   lance              [Unskilled]
   bow                [Unskilled]
   sling              [Unskilled]
   crossbow           [Unskilled]
   dart               [Basic]
   shuriken           [Unskilled]
   boomerang          [Unskilled]
   whip               [Unskilled]
   unicorn horn       [Unskilled]
 Spellcasting Skills
   divination spells  [Unskilled]
   enchantment spells [Unskilled]
   escape spells      [Unskilled]

Voluntary challenges:
 Character rerolling was not enabled.
 You never hit with a wielded weapon.
 You never genocided any monsters.
 You never polymorphed an object.
 You never changed form.
 You used no wishes.
Achievements:
 You entered a shop.
 You attained the rank of Sightseer.

 The Dungeons of Doom: levels 1 to 4
    Level 1:
       A fountain.
    Level 2: <- You were here.
       A scroll shop, an altar to The Lady.
       Final resting place for
          you, killed by a goblin, while frozen by a floating eye's gaze.
    Level 3:
    Level 4:


Vanquished creatures:
  3 floating eyes
  a kobold leader
  4 orc zombies
  3 iguanas
  4 coyotes
  2 hobbits
  4 giant rats
  4 cave spiders
  a red mold
  3 gnomes
  a gnome zombie
  7 geckos
 11 jackals
  2 foxes
  2 goblins
  4 sewer rats
  2 grid bugs
  a bat
  4 lichens
  3 kobold zombies
 12 newts
78 creatures vanquished.

No species were genocided or became extinct.

Game over:
                       ----------
                      /          \
                     /    REST    \
                    /      IN      \
                   /     PEACE      \
                  /                  \
                  |    DiePARTEI     |
                  |      824 Au      |
                  |   killed by a    |
                  |      goblin      |
                  |                  |
                  |                  |
                  |       2026       |
                 *|     *  *  *      | *
        _________)/\\_//(\/(/\)/\//\/|_)_______

Aloha DiePARTEI the Tourist...

You died in The Dungeons of Doom on dungeon level 2 with 1042 points,
and 824 pieces of gold, after 4929 moves.
You were level 5 with a maximum of 42 hit points when you died.

